Map: King's Cove LE

Players

Harstem - Winner!

  • Race: Protoss Protoss
  • Spawn Location: 11:00

Fallenger

  • Race: Zerg Zerg
  • Spawn Location: 5:00

Event: 2019 WCS Summer

VOD

Have the link to the VOD?

Description

Time

  • Played on: July 12, 2019, 6:27 a.m.
  • Length: 12:01

All games in this series

Show
View Real Time Build Order
Export as new Build Order

Harstem Protoss - Winner!

Build Orders: Archon Immortal, Archon Drop 

Get SALT Encoding   

  12  0:00  Probe  
  13  0:12  Probe  
  14  0:18  Pylon  
  14  0:24  Probe  
  15  0:32  Probe  
  15  0:38  Gateway  
  15  0:40  Probe  
  17  0:50  Assimilator  
  17  0:51  Probe  
  18  1:03  Probe  
  19  1:15  Probe  
  20  1:19  Zealot  
  20  1:25  Pylon  
  20  1:27  Probe  
  20  1:28  Cybernetics Core  
  23  1:43  Probe  
  24  1:55  Probe, Adept  
  25  2:07  Probe  
  28  2:22  Nexus  
  28  2:28  Adept  
  30  2:35  Pylon  
  30  2:37  Probe  
  30  2:42  Assimilator  
  31  2:46  Warp Gate  
  31  2:59  Probe  
  32  3:09  Robotics Facility, Pylon  
  32  3:11  Probe  
  33  3:20  Stalker  
  33  3:23  Probe  
  34  3:32  Pylon  
  36  3:35  Probe  
  36  3:37  Probe  
  38  3:47  Probe  
  39  3:49  Probe, Twilight Council, Warp Prism  
  40  3:59  Probe  
  40  4:01  Probe  
  44  4:11  Probe  
  44  4:13  Probe, Gateway  
  44  4:14  Gateway  
  46  4:23  Probe, Gateway  
  47  4:28  Dark Shrine  
  47  4:30  Probe  
  47  4:35  Probe  
  47  4:37  Assimilator  
  48  4:39  Assimilator  
  48  4:42  Probe  
  49  4:48  Probe  
  50  4:55  Probe, Pylon  
  51  5:00  Probe  
  53  5:07  Probe  
  53  5:10  Pylon  
  53  5:12  Probe  
  54  5:19  Probe  
  55  5:24  Probe  
  56  5:29  Nexus  
  56  5:33  Pylon  
  56  5:35  Forge  
  56  5:40  Dark Templar  
  56  5:41  Dark Templar x3  
  64  5:49  Probe x2  
  63  5:57  Immortal  
  63  5:58  Pylon  
  63  6:00  Forge  
  67  6:25  Immortal, Archon x2  
  66  6:27  Sentry  
  66  6:28  Zealot x3  
  66  6:30  Probe  
  66  6:32  Gateway, Protoss Ground Weapons Level 1  
  71  6:35  Gateway  
  71  6:38  Gateway  
  75  6:40  Gateway  
  75  6:43  Pylon  
  75  6:57  Sentry  
  75  6:58  Sentry, Zealot x2  
  82  7:02  Pylon  
  84  7:16  Immortal  
  84  7:21  Sentry x3, Zealot  
  86  7:30  Pylon  
  84  7:38  Zealot x4  
  84  7:40  Probe  
  88  7:45  Probe  
  88  7:46  Dark Templar  
  88  7:47  Dark Templar x2  
  81  7:55  Probe  
  71  8:00  Probe  
  71  8:04  Zealot x4  
  73  8:13  Probe  
  73  8:14  Probe  
  69  8:24  Zealot x2  
  69  8:25  Zealot x2, Probe  
  78  8:34  Cybernetics Core  
  78  8:35  Phoenix  
  78  8:40  Charge  
  78  8:46  Dark Templar x2  
  78  8:47  Zealot  
  84  8:54  Immortal  
  84  9:01  Probe, Protoss Ground Weapons Level 2  
  83  9:11  Sentry  
  83  9:12  Phoenix  
  85  9:22  Gateway  
  84  9:30  Observer  
  84  9:32  Zealot  
  84  9:33  Zealot x3  
  84  9:34  Sentry  
  95  9:42  Phoenix  
  95  9:45  Pylon  
  95  9:58  Nexus  
  95  10:05  Pylon  
  95  10:06  Probe x2  
  97  10:12  Phoenix  
  97  10:22  Dark Templar x3  
  97  10:24  Dark Templar  
  97  10:25  Probe  
  97  10:27  Probe  
  107  10:33  Archon  
  107  10:34  Archon  
  107  10:37  Probe  
  107  10:40  Probe  
  109  10:51  Probe  
  109  10:52  Probe  
  109  10:54  Pylon  
  111  11:03  Probe  
  112  11:06  Shield Battery  
  112  11:07  Immortal  
  112  11:08  Templar Archives  
  116  11:19  Sentry x3  
  116  11:21  Sentry  
  116  11:22  Zealot x2  
  116  11:24  Sentry  
  125  11:35  Probe  
  125  11:36  Stalker  
  116  11:43  Probe  
  116  11:46  Zealot x3, Dark Templar  
  125  11:52  Zealot x3  
Show
View Real Time Build Order
Export as new Build Order

Fallenger Zerg 

Build Orders: 3 Hatch before Pool 

Get SALT Encoding   

  12  0:01  Drone  
  13  0:13  Overlord  
  13  0:18  Drone  
  14  0:32  Drone x2  
  16  0:51  Hatchery  
  15  1:13  Hatchery  
  14  1:19  Drone  
  14  1:22  Drone  
  16  1:27  Drone  
  16  1:30  Drone  
  18  1:40  Extractor  
  18  1:45  Spawning Pool  
  16  1:50  Drone  
  16  1:52  Drone  
  18  2:02  Evolution Chamber  
  18  2:03  Drone x2  
  20  2:13  Drone  
  20  2:15  Drone  
  22  2:23  Overlord  
  22  2:31  Zergling x2  
  22  2:33  Queen x2  
  22  2:36  Zergling x2  
  28  2:46  Drone x3  
  31  2:51  Metabolic Boost  
  31  2:56  Extractor  
  31  2:57  Drone x2  
  32  3:11  Queen  
  35  3:13  Drone, Overlord  
  35  3:22  Drone, Overlord  
  35  3:31  Overlord  
  35  3:36  Drone  
  35  3:38  Hatchery  
  35  3:39  Zergling x4  
  37  3:44  Drone x2  
  37  3:47  Drone x3  
  42  3:53  Drone  
  42  3:55  Drone  
  44  3:57  Drone  
  45  4:07  Overlord  
  45  4:16  Lair  
  45  4:17  Drone x2  
  45  4:20  Drone, Evolution Chamber  
  45  4:21  Drone, Extractor  
  45  4:22  Drone  
  45  4:23  Drone x3  
  51  4:25  Overlord  
  51  4:34  Extractor, Roach Warren  
  51  4:35  Zergling x4  
  51  4:46  Overlord  
  51  4:47  Zergling x2  
  51  4:48  Zergling x6  
  55  4:53  Overlord  
  54  5:01  Drone x5  
  54  5:05  Overlord  
  58  5:09  Overlord  
  58  5:11  Zerg Missile Weapons Level 1  
  58  5:16  Glial Reconstitution  
  58  5:20  Roach x2  
  62  5:27  Roach x2  
  66  5:30  Roach x2  
  70  5:37  Roach x3  
  70  5:39  Overlord  
  76  5:43  Roach  
  76  5:44  Overseer  
  78  5:51  Roach x2  
  81  6:00  Roach x3  
  84  6:15  Roach x2  
  86  6:25  Hatchery  
  85  6:35  Roach x4  
  85  6:38  Zergling x4  
  95  6:44  Spore Crawler  
  95  6:46  Zergling x2, Spore Crawler  
  91  7:03  Overlord  
  91  7:04  Ravager x3  
  89  7:28  Zergling x22  
  94  7:41  Roach x4  
  96  7:57  Roach  
  96  7:58  Roach x4  
  100  8:04  Roach  
  84  8:16  Roach  
  84  8:17  Zergling x4, Roach  
  81  8:22  Overlord  
  81  8:24  Drone  
  81  8:25  Drone x3  
  83  8:31  Overseer  
  83  8:33  Zergling x6, Roach  
  88  8:40  Drone x2  
  90  8:42  Drone x2  
  87  9:04  Hatchery, Extractor  
  87  9:05  Drone x3  
  87  9:08  Roach  
  90  9:11  Zergling x8  
  94  9:28  Spire  
  94  9:31  Zergling x14  
  96  9:37  Roach  
  102  9:46  Roach x3  
  106  9:55  Roach x3  
  112  10:09  Overlord  
  112  10:24  Overlord x3  
  112  10:33  Overlord  
  112  10:38  Roach x7  
  112  10:39  Roach  
  112  10:42  Mutalisk x2  
  130  10:44  Zergling x2  
  133  10:55  Mutalisk  
  135  10:58  Mutalisk  
  135  11:01  Zergling x2  
  135  11:02  Zergling x8  
  142  11:10  Mutalisk  
  144  11:12  Roach  
  144  11:13  Zergling x6  
  143  11:27  Roach x3  
  143  11:28  Roach  
Tags
 
Add a new tag
Caveats
  • Supply blocks, unpowered buildings, or Contaminate may cause inaccurate times.
  • Supply counts are checked every 10 seconds.